 Dungeon Crawl Stone Soup version 0.27-a0-1281-ge233d83751 (webtiles) character file.

Game seed: 6934455482718499239

4339 bjtr the Skirmisher (level 10, -4/61 HPs)
             Began as a Gargoyle Hedge Wizard on June 12, 2021.
             Was a Follower of Vehumet.
             Slain by a white ugly thing (23 damage)
             ... on level 7 of the Dungeon on June 14, 2021.
             The game lasted 01:02:50 (12973 turns).

bjtr the Skirmisher (Gargoyle Hedge Wizard)        Turns: 12973, Time: 01:02:50

Health: -4/61      AC: 12    Str: 20    XL:     10   Next: 33%
Magic:  4/19       EV: 13    Int: 24    God:    Vehumet [*.....]
Gold:   324        SH: 10    Dex:  9    Spells: 8/21 levels left

rFire    . . .     SeeInvis .   a - +4 scimitar
rCold    . . .     Faith    .   l - +0 buckler
rNeg     + . .     Spirit   .   h - +2 robe {Will+}
rPois    ∞         Reflect  +   c - +1 hat
rElec    +         Harm     .   (no cloak)
rCorr    .         Rampage  .   (no gloves)
Will     +....                  (no boots)
Stlth    ++........             A - amulet of reflection
HPRegen  0.20/turn              e - +6 ring of strength
MPRegen  0.16/turn              y - +6 ring of intelligence

@: swift, quick
A: sickness immunity, AC +7, negative energy resistance 1, electricity
resistance, torment resistance 1, petrification resistance
a: Renounce Religion


You were on level 7 of the Dungeon.
You worshipped Vehumet.
Vehumet was aware of your devotion.
You visited 2 branches of the dungeon, and saw 9 of its levels.
You also visited: Sewer.

You collected 324 gold pieces.

Inventory:

Hand Weapons
 a - a +4 scimitar (weapon)
 b - a +0 hand crossbow
 j - a +3 spear of venom
 n - a +0 vampiric long sword
 p - a +1 dagger
 t - a +0 war axe of venom
 v - a +0 dagger of flaming
 G - a +0 quarterstaff of distortion
 H - a +0 whip of freezing
Missiles
 r - 43 bolts
 u - a curare-tipped dart
 w - 21 poisoned darts (quivered)
Armour
 c - a +1 hat (worn)
 h - a +2 robe of willpower (worn)
 k - a +0 kite shield
 l - a +0 buckler (worn)
 F - a +2 scale mail of cold resistance
Jewellery
 e - a +6 ring of strength (left hand)
 m - a +6 ring of dexterity
 y - a +6 ring of intelligence (right hand)
 A - an amulet of reflection (around neck)
Wands
 g - a wand of paralysis (6)
Scrolls
 z - a scroll of enchant weapon
Potions
 d - a potion of mutation
 i - 2 potions of flight
 o - a potion of cancellation
 s - 5 potions of might
 x - 2 potions of brilliance
 B - a potion of lignification


   Skills:
 * Level 6.8 Fighting
 + Level 5.3 Armour
 + Level 4.9 Dodging
 + Level 4.5 Stealth
 * Level 5.4 Shields
 + Level 6.1 Spellcasting
 * Level 6.0 Conjurations
 + Level 1.6 Summonings
 + Level 1.2 Translocations
 + Level 1.7 Air Magic
 + Level 1.9 Poison Magic
 + Level 1.2 Evocations


You had 8 spell levels left.
You knew the following spells:

 Your Spells              Type           Power      Damage    Failure   Level
a - Magic Dart            Conj           100%       1d8       1%          1
b - Blink                 Tloc           N/A        N/A       7%          2
c - Call Imp              Summ           15%        N/A       6%          2
d - Mephitic Cloud        Conj/Pois/Air  22%        N/A       6%          3
e - Static Discharge      Conj/Air       25%        N/A       2%          2
f - Swiftness             Air            15%        N/A       12%         3

Your spell library contained the following spells:

 Spells                   Type           Power      Damage    Failure   Level
 Foxfire                  Conj/Fire      84%        2x1d8     2%          1
 Shock                    Conj/Air       100%       1d9       1%          1
 Summon Small Mammal      Summ           60%        N/A       4%          1
 Conjure Flame            Conj/Fire      21%        6-21      7%          3
 Slow                     Hex            7%         N/A       12%         2
 Call Canine Familiar     Summ           15%        N/A       12%         3
 Summon Guardian Golem    Hex/Summ       11%        N/A       17%         3
 Airstrike                Air            7%         N/A       36%         4
 Summon Lightning Spire   Summ/Air       15%        N/A       36%         4
 Lightning Bolt           Conj/Air       12%        1d26      41%         5
 Summon Ice Beast         Ice/Summ       11%        N/A       50%         4


Dungeon Overview and Level Annotations

Branches:
Dungeon (8/15)             Temple (1/1) D:5           Sewer (visited)
   Lair: D:8-11

Altars:
Ashenzari
Cheibriados
Dithmenos
Elyvilon
Fedhas
Gozag
Hepliaklqana
Kikubaaqudgha
Makhleb
Nemelex Xobeh
Okawaru
Qazlal
Ru
Sif Muna
Trog
Uskayaw
Vehumet
Wu Jian
Yredelemnul
Zin
The Shining One

Annotations:
D:7 3 runed translucent doors, Tef's ghost, novice DrTm


Innate Abilities, Weirdness & Mutations

You are immune to sickness and miasma.
Your stone body is resilient. (AC +7)
You are immune to poison.
You resist negative energy. (rN+)
You are resistant to electric shocks. (rElec)
You are resistant to unholy torment.
You are immune to petrification.


Message History

Confirm with . or Enter, or press ? or * to list all spells.
Aiming: Mephitic Cloud (dangerous; 6% risk of failure)
Press: ? - help, Shift-Dir - straight line, f - white ugly thing
Aim: a white ugly thing (noxious fumes, lightly wounded, ally target, chance to affect: 43%)
The ball explodes into a vile cloud!
The stinking cloud engulfs the white ugly thing but does no damage.
The white ugly thing is lightly wounded.
The white ugly thing is engulfed in noxious fumes.
Something barely misses your crimson imp.
There is a stone staircase leading down here.
You climb downwards.
Your summoned ally is left behind.
The white ugly thing claws you but does no damage.
The white ugly thing misses you.
There is a stone staircase leading up here.
You block the gnoll sergeant's attack. The white ugly thing claws you.
The white ugly thing freezes you!!
You climb upwards.
Level annotation: 3 runed translucent doors, Tef's ghost, novice DrTm Your crimson imp disappears in a puff of smoke!
There is a stone staircase leading down here.
Casting: Mephitic Cloud (dangerous; 6% risk of failure)
Confirm with . or Enter, or press ? or * to list all spells.
You blink.
You see here a staff of poison.
There is a stone staircase leading down here.
Casting: Blink (safe; 7% risk of failure)
Confirm with . or Enter, or press ? or * to list all spells.
You blink.
Casting: Blink (safe; 7% risk of failure)
Confirm with . or Enter, or press ? or * to list all spells.
You blink.
The white ugly thing claws you. The white ugly thing freezes you!!
There is a stone staircase leading down here.
Casting: Blink (safe; 7% risk of failure)
Confirm with . or Enter, or press ? or * to list all spells.
You feel quick. The white ugly thing barely misses you.
You see here a staff of poison.
The white ugly thing gurgles horribly!
The white ugly thing headbutts you. The white ugly thing freezes you!!
You die...

.# #.##...#.##.....#
#######'##.# .#
#.##...#.##.....#
#......†...# (#
#.##...#..#.....#
#........).# .#
#.#######.#.....#
#..........# .###.#
#.##'#### #######....#
.....# #..#.# #....#
######## ##.#.# ##...#
.......# ####...##### #...#
######.# #......@...# #...#
.......# #.....u###u# #....
.......# #......###|# #....
......)###.....>....# #....
.........#.....########
####.
++###....#............######
##
.ZZW#....'....####.........#
# .ZZ##....#....#
#.........# #
....#....#....# #u........#
#


You could see 2 ugly things.

Vanquished Creatures
  A two-headed ogre (D:8)
  Pikel (D:5)
  A hornet (D:7)
  Prince Ribbit (D:7)
  A wraith (D:8)
  A vampire (D:5)
  An ice beast (D:7)
  A sky beast (D:7)
  An orc warrior (D:7)
  2 ogres (D:4)
  2 kobold brigands (Sewer)
  Blork the orc (D:5)
  A gnoll sergeant (D:6)
  A bullfrog (D:8)
  6 scorpions
  3 wyvern skeletons (D:6)
  7 howler monkeys
  4 wights (D:7)
  A bullfrog zombie (D:6)
  2 hounds
  7 orc priests
  A bullfrog skeleton (D:5)
  2 jellies
  6 orc wizards
  A gnoll shaman (D:7)
  2 iguanas
  A scorpion zombie (D:5)
  2 killer bee zombies (D:7)
  10 gnolls
  2 howler monkey zombies
  7 adders
  10 river rats (Sewer)
  A shadow imp (D:7)
  A white imp (D:6)
  An ufetubus (D:5)
  4 worms
  17 orcs
  11 ball pythons
  5 bats
  An endoplasm (D:2)
  11 giant cockroaches
  3 goblins
  3 hobgoblins
  23 kobolds
  3 quokkas
  5 frilled lizards
  19 rats
198 creatures vanquished.

Vanquished Creatures (collateral kills)
  An iguana (D:6)
  2 orc wizards (D:5)
  A worm (D:2)
  An orc (D:3)
  A ball python (D:3)
  2 endoplasms (D:3)
  A goblin (D:3)
  A hobgoblin (D:3)
  2 kobolds (D:2)
12 creatures vanquished.

Vanquished Creatures (others)
  A scorpion (D:6)
1 creature vanquished.

Grand Total: 211 creatures vanquished

Notes
Turn   | Place    | Note
-------+----------+-------------------------------------------
     0 | D:1      | bjtr the Gargoyle Hedge Wizard began the quest for the Orb.
     0 | D:1      | Reached XP level 1. HP: 10/10 MP: 4/4
  1288 | D:1      | Reached XP level 2. HP: 16/16 MP: 6/6
  1403 | D:1      | Upgraded the game from 0.27-a0-1273-gec92ba881d to
                  | 0.27-a0-1281-ge233d83751
  1495 | D:2      | Reached skill level 1 in Fighting
  1980 | D:1      | Learned a level 2 spell: Blink
  1983 | D:1      | Learned a level 2 spell: Call Imp
  2126 | D:2      | Reached XP level 3. HP: 20/20 MP: 6/8
  3053 | D:2      | Found a faded altar of an unknown god.
  4185 | D:3      | Reached XP level 4. HP: 25/25 MP: 1/10
  4186 | D:3      | Reached skill level 1 in Armour
  4483 | D:3      | Reached skill level 1 in Summonings
  4483 | D:3      | Reached skill level 1 in Translocations
  4483 | D:3      | Reached XP level 5. HP: 29/29 MP: 4/11
  4495 | D:3      | Found a glowing drain.
  4508 | Sewer    | Entered a sewer
  4581 | Sewer    | Learned a level 3 spell: Mephitic Cloud
  4742 | Sewer    | Noticed a kobold brigand
  4759 | Sewer    | Killed a kobold brigand
  4941 | Sewer    | Reached XP level 6. HP: 35/35 MP: 12/12
  6191 | D:4      | Reached XP level 7. HP: 23/41 MP: 14/14
  6569 | D:4      | Found a sparkling altar of Nemelex Xobeh.
  7081 | D:5      | Entered Level 5 of the Dungeon
  7202 | D:5      | Noticed a vampire
  7210 | D:5      | Reached skill level 1 in Shields
  7481 | D:5      | Reached skill level 5 in Spellcasting
  7481 | D:5      | Reached XP level 8. HP: 40/48 MP: 9/15
  7562 | D:5      | Identified a scroll of acquirement
  7562 | D:5      | Acquired a book of Air
  7567 | D:5      | Learned a level 2 spell: Static Discharge
  7574 | D:5      | Found a staircase to the Ecumenical Temple.
  7574 | D:5      | Noticed Pikel
  7583 | D:5      | Noticed Blork the orc
  7604 | D:5      | Killed Blork the orc
  7607 | D:5      | Killed Pikel
  7608 | D:5      | Reached skill level 1 in Air Magic
  7608 | D:5      | Reached skill level 1 in Poison Magic
  7910 | D:5      | Found a shadowy altar of Dithmenos.
  8038 | Temple   | Entered the Ecumenical Temple
  8061 | Temple   | Became a worshipper of Vehumet
  8463 | D:5      | Killed a vampire
  8464 | D:5      | Reached XP level 9. HP: 39/53 MP: 17/17
  8661 | D:5      | Learned a level 3 spell: Swiftness
  8685 | D:6      | Found a bloodstained altar of Trog.
  8686 | D:6      | Found a white marble altar of Elyvilon.
  8686 | D:6      | Found a basalt altar of Yredelemnul.
  8687 | D:6      | Found a broken altar of Ashenzari.
  8687 | D:6      | Found an opulent altar of Gozag.
  8723 | D:6      | Reached skill level 5 in Armour
  9053 | D:6      | Found an iron altar of Okawaru.
  9066 | D:6      | Reached skill level 5 in Fighting
  9843 | D:6      | Found a snail-covered altar of Cheibriados.
  9885 | D:6      | Found a glowing golden altar of the Shining One.
  9888 | D:6      | Found a hide-covered altar of Uskayaw.
  9890 | D:6      | Found an iron altar of Okawaru.
 10702 | D:7      | Reached skill level 1 in Evocations
 10738 | D:7      | Reached * piety under Vehumet
 10738 | D:7      | Offered knowledge of Foxfire by Vehumet.
 11009 | D:7      | Noticed a hornet
 11011 | D:7      | Noticed Prince Ribbit
 11032 | D:7      | Killed a hornet
 11038 | D:7      | HP: 1/55 [Prince Ribbit (14)]
 11046 | D:7      | Killed Prince Ribbit
 11047 | D:7      | Reached skill level 5 in Conjurations
 11047 | D:7      | Reached XP level 10. HP: 27/61 MP: 13/19
 11230 | D:7      | Found an ancient bone altar of Kikubaaqudgha.
 11250 | D:7      | Found a runed translucent gate.
 11250 | D:7      | Found a runed translucent gate.
 11250 | D:7      | Found a runed translucent gate.
 11251 | D:7      | Noticed Tef's ghost (novice DrTm)
 11339 | D:7      | HP: 3/61 [orc priest/divine providence (12)]
 11370 | D:7      | HP: 3/61 [orc priest/divine providence (12)]
 12222 | D:8      | Reached skill level 5 in Shields
 12228 | D:8      | Noticed a two-headed ogre
 12241 | D:8      | Noticed a cyan ugly thing
 12242 | D:8      | Killed a two-headed ogre
 12242 | D:8      | Noticed a white ugly thing
 12640 | D:8      | HP: 2/61 [gnoll sergeant (8)]
 12973 | D:7      | Slain by a white ugly thing

Illustrated notes

Levels and vault maps discovered:
D:1:      sevenhm_arrival_forest_fort_small_3, layout_loops_corners,
          minmay_misc_feat_chi, kennysheep_decorative_pillar
D:2:      minmay_roachtagon, layout_loops_ring,
          shapermc_ecumenical_altar_totnotflames, chequers_serial_rivers_small_3
D:3:      layout_rooms, cheibrodos_sewer_entry_drain
D:4:      layout_basic, nemelex_diamond_rough_becter,
          minmay_misc_feat_nine_boxes, palyth_stone_intersect
D:5:      layout_gridville, lemuel_round_altar, minmay_temple_entry_butterflies,
          uniq_blork_the_orc, uniq_pikel
D:6:      layout_loops_ring, minitemple, grunt_temple_overflow_open,
          hangedman_feature_mirror
D:7:      layout_basic, lemuel_crystal_altar, gammafunk_ghost_necromancy,
          uniq_prince_ribbit1
D:8:      minmay_cut_squares, layout_loops_ring, erik_lair_dragon,
          ebering_dispersal_statue_hall
Temple:   compressed_dpeg_circular_temple

Skill      XL: |  1  2  3  4  5  6  7  8  9 10 |
---------------+-------------------------------+-----
Fighting       | 1 2 3 4 6 |  6.8
Spellcasting   | 4 5 6 |  6.1
Armour         | 2 3 4 5 |  5.3
Summonings     | 1 |  1.6
Translocations | 1 |  1.2
Dodging        | 2 3 4 |  4.9
Conjurations   | 2 3 5 6 |  6.0
Stealth        | 3 4 |  4.5
Shields        | 1 2 4 5 |  5.4
Air Magic      | 1 |  1.7
Poison Magic   | 1 |  1.9
Evocations     | 1 |  1.2

Action                   |  1- 3 |  4- 6 |  7- 9 | 10-12 || total
-------------------------+-------+-------+-------+-------++-------
Melee: Dagger            |   163 |     1 |       |       ||   164
       Long sword        |       |   188 |   274 |       ||   462
       Scimitar          |       |       |    72 |    68 ||   140
 Fire: Hand crossbow     |       |     4 |    17 |     4 ||    25
Throw: Stone             |     5 |     1 |       |       ||     6
       Dart              |       |       |       |     1 ||     1
 Cast: Magic Dart        |    58 |       |     1 |       ||    59
       Call Imp          |     8 |     5 |     3 |     3 ||    19
       Blink             |     4 |       |     4 |    15 ||    23
       Mephitic Cloud    |       |     4 |    29 |     9 ||    42
       Swiftness         |       |       |       |     2 ||     2
       Static Discharge  |       |       |       |     1 ||     1
Evoke: Wand              |       |       |     7 |     4 ||    11
  Use: Scroll            |     5 |     3 |     7 |     2 ||    17
       Potion            |       |     4 |    12 |     4 ||    20
 Stab: Sleeping          |     3 |     2 |     1 |       ||     6
       Confused          |       |     6 |     9 |     2 ||    17
Armor: Robe              |    13 |       |   107 |    31 ||   151
       Leather armour    |    61 |    82 |    79 |       ||   222
Dodge: Dodged            |   120 |   139 |   261 |    44 ||   564
Block: Other             |       |       |    61 |       ||    61
       Buckler           |       |       |    54 |    38 ||    92
       Rpst.: Long sword |       |    41 |    78 |       ||   119
       Scimitar          |       |       |    12 |    16 ||    28

Table legend: (Time is in decaauts)
 A = Elapsed time spent in this place.
 B = Non-inter-level travel time spent in this place.
 C = Inter-level travel time spent in this place.
 D = Time resting spent in this place.
 E = Time spent auto-exploring this place.
 F = Levels seen in this place.
 G = Mean time per level.
                   A        B        C        D        E       F      G
               +--------+--------+--------+--------+--------+-----+--------+
         Total |  13255 |  12964 |    291 |   4722 |   5314 |  10 | 1325.5 |
       Dungeon |  11780 |  11526 |    254 |   4295 |   4712 |   8 | 1472.5 |
        Temple |    147 |    110 |     37 |      0 |    103 |   1 |  147.0 |
         Sewer |   1327 |   1327 |      0 |    427 |    499 |   1 | 1327.0 |
               +--------+--------+--------+--------+--------+-----+--------+

Top non-repeatable levels by time:
     D:2: 2222 daAuts
     D:6: 2204 daAuts
     D:7: 2116 daAuts
     D:1: 1884 daAuts
   Sewer: 1327 daAuts
     D:5: 1317 daAuts
     D:4: 1211 daAuts
     D:3: 724 daAuts
  Temple: 147 daAuts
     D:8: 99 daAuts
